[Event "Titled Tuesday Blitz March 08 Early 2022"]
[White "Siva Mahadevan"]
[Black "Bashirli, Nail"]
[WhiteFideId "25043153"]
[BlackFideId "13406809"]
[WhiteElo "2203"]
[BlackElo "2333"]
[Result "1-0"]
[Round "11"]
[TimeControl "180+1"]
[Date "2022.03.08"]
[WhiteClock "0:00:38"]
[BlackClock "0:00:02"]

1. e4 c5 2. Nf3 d6 3. d4 cxd4 4. Nxd4 Nf6 5. Nc3 Nc6 6. Nd5 Bd7 7. Nxf6+ gxf6 8. Be3 Rc8 9. c3 Qa5 10. Bd3 Rg8 11. g3 Ne5 12. Be2 e6 13. O-O Nc4 14. Bxc4 Rxc4 15. Kh1 h5 16. f3 Be7 17. Qe2 Rc8 18. Rfd1 a6 19. Rd2 Qe5 20. Rad1 Ba4 21. Re1 Rg6 22. Nc2 Bb5 23. Qf2 Bc6 24. Nb4 Bd7 25. Nd5 exd5 26. Bf4 Qe6 27. exd5 Qh3 28. Bxd6 Kf8 29. Rxe7 Kg8 30. Re4 Qf5 31. Rf4 Qb1+ 32. Qg1 Qxa2 33. Rfd4 Re8 34. Ba3 Qb3 35. Rb4 Qa2 36. Rxb7 Bh3 37. d6 h4 38. Re7 Rd8 39. d7 hxg3 40. hxg3 Rh6 41. Re8+ Kh7 42. Rxd8 Qd5 43. Rxd5 1-0


[Site "https://www.chess.com"]

[Event "Titled Tuesday Blitz March 08 Early 2022"]
[White "Skliarov, Viktor"]
[Black "Svane, Frederik"]
[WhiteFideId "14106736"]
[BlackFideId "12923044"]
[WhiteElo "2229"]
[BlackElo "2459"]
[Result "1-0"]
[Round "11"]
[TimeControl "180+1"]
[Date "2022.03.08"]
[WhiteClock "0:00:12"]
[BlackClock "0:00:09"]

1. e4 c5 2. Nf3 d6 3. d4 cxd4 4. Qxd4 Nc6 5. Bb5 Bd7 6. Bxc6 Bxc6 7. Nc3 Nf6 8. Bg5 e6 9. O-O-O Be7 10. Rhe1 O-O 11. Kb1 Qa5 12. Qd2 Qc7 13. Nd4 a6 14. f3 Rfd8 15. g4 b5 16. h4 b4 17. Nce2 a5 18. h5 h6 19. Be3 a4 20. Nxc6 Qxc6 21. Nd4 Qb7 22. g5 hxg5 23. Bxg5 b3 24. cxb3 axb3 25. a3 Nxh5 26. Bxe7 Qxe7 27. Nc6 Qf6 28. Nxd8 Rxd8 29. e5 Qxf3 30. exd6 Nf6 31. Qa5 Ra8 32. Qb5 Nd5 33. d7 Rd8 34. a4 Qf5+ 35. Ka1 Qc2 36. Rc1 Qd2 37. Red1 Qg5 38. Rc8 Kh7 39. Rh1+ Kg6 40. Qd3+ f5 41. Rxd8 Qxd8 42. Qg3+ Kf7 43. Rh7 Ke7 44. Qxg7+ Kd6 45. Qg3+ f4 46. Qxb3 Qa5 47. Qa3+ Kc6 48. b4 Qb6 49. b5+ Kb7 50. d8=Q+ Nc7 51. Qf3+ Ka7 52. Qxc7+ Qxc7 53. Rxc7+ Kb6 54. Rc6+ Ka5 55. Ra6+ Kb4 56. Qxf4+ Kc5 57. Rc6+ Kd5 58. Qc4+ Ke5 59. Rxe6+ Kf5 60. Qe4+ Kg5 61. Rg6+ Kh5 62. Qg4# 1-0


[Site "https://www.chess.com"]

[Event "Titled Tuesday Blitz March 08 Early 2022"]
[White "Soderstrom, Adrian"]
[Black "Goryachkina, Aleksandra"]
[WhiteFideId "1745786"]
[BlackFideId "4147103"]
[WhiteElo "2107"]
[BlackElo "2426"]
[Result "1-0"]
[Round "11"]
[TimeControl "180+1"]
[Date "2022.03.09"]
[WhiteClock "0:00:23"]
[BlackClock "0:00:02"]

1. d4 Nf6 2. c4 e6 3. Nf3 d5 4. Nc3 Be7 5. Bg5 Nbd7 6. e3 h6 7. Bf4 O-O 8. g4 Ne4 9. h4 c5 10. cxd5 Nxc3 11. bxc3 exd5 12. g5 h5 13. g6 fxg6 14. Bd3 Nf6 15. Ne5 Bf5 16. Nxg6 Bxd3 17. Qxd3 Re8 18. Rg1 cxd4 19. Ne5 Bf8 20. cxd4 Ne4 21. Qb5 a6 22. Qxb7 Re7 23. Qb2 Rb8 24. Qe2 Qe8 25. Ng6 Re6 26. Nxf8 Qxf8 27. Bxb8 Qxb8 28. Rc1 Qb4+ 29. Kf1 Rf6 30. Rg2 Nd2+ 31. Kg1 Nf3+ 32. Kh1 Qb2 33. Rc8+ 1-0


[Site "https://www.chess.com"]

[Event "Titled Tuesday Blitz March 08 Early 2022"]
[White "Sonis, Francesco"]
[Black "Svane, Rasmus"]
[WhiteFideId "895733"]
[BlackFideId "4657101"]
[WhiteElo "2373"]
[BlackElo "2645"]
[Result "0-1"]
[Round "11"]
[TimeControl "180+1"]
[Date "2022.03.08"]
[WhiteClock "0:00:29"]
[BlackClock "0:00:48"]

1. d4 Nf6 2. c4 e6 3. Nf3 d5 4. g3 Be7 5. Bg2 O-O 6. Qc2 c5 7. dxc5 Qa5+ 8. Nbd2 Qxc5 9. a3 b5 10. b4 Qc7 11. c5 a5 12. Rb1 axb4 13. axb4 Nc6 14. Qc3 e5 15. O-O Bf5 16. Rb2 d4 17. Qb3 Ra4 18. Nh4 Be6 19. Qd3 Rxb4 20. Rxb4 Nxb4 21. Qxb5 Rb8 22. Qa4 Qxc5 23. Ba3 Bd7 24. Qb3 Qc3 25. Qxc3 dxc3 26. Nc4 c2 27. Rc1 Ba4 28. Nf5 Bf8 29. Bxb4 Rxb4 30. Na3 Rb2 31. Nxc2 Bxc2 32. Ne3 Rb1 33. Rxb1 Bxb1 34. Nc4 e4 35. h3 Bc5 36. g4 h6 37. Kf1 Kf8 38. Nd2 Bc2 39. Nc4 Ke7 0-1


[Site "https://www.chess.com"]

[Event "Titled Tuesday Blitz March 08 Early 2022"]
[White "Sovetbekova, Nurai"]
[Black "Havanecz, Bianka"]
[WhiteFideId "13801910"]
[BlackFideId "704814"]
[WhiteElo "1538"]
[BlackElo "2362"]
[Result "1-0"]
[Round "11"]
[TimeControl "180+1"]
[Date "2022.03.09"]
[WhiteClock "0:00:08"]
[BlackClock "0:00:07"]

1. d4 d5 2. c4 e6 3. Nf3 Nf6 4. g3 Be7 5. Bg2 O-O 6. O-O dxc4 7. Ne5 Nc6 8. Nxc6 bxc6 9. Na3 Bxa3 10. bxa3 Rb8 11. Qa4 Qxd4 12. Be3 Qb2 13. Bxa7 Ra8 14. Bxc6 Bd7 15. Bxd7 Nxd7 16. Qxd7 Rxa7 17. Qc6 Qxe2 18. Rfe1 Qd3 19. Rac1 Rxa3 20. Rxc4 Rxa2 21. Qxc7 Qd2 22. Rf1 h6 23. Qb7 Ra5 24. Rc7 Rf5 25. Qb6 Ra8 26. Rfc1 Ra2 27. Rc8+ Kh7 28. Rf1 Qd5 29. Qb1 h5 30. Rc3 Rd2 31. Re3 g6 32. Qe1 Kg7 33. Qa1+ Kh7 34. Qc3 Qd4 35. Qc1 Rfxf2 36. Rxf2 Qxe3 37. Qxd2 Qe4 38. Rxf7+ Kg8 39. Rf2 Qb1+ 40. Kg2 Qe4+ 41. Rf3 e5 42. Qe3 Qc2+ 43. Rf2 Qc6+ 44. Qf3 Qe4 45. Qxe4 1-0


[Site "https://www.chess.com"]

[Event "Titled Tuesday Blitz March 08 Early 2022"]
[White "Sychev, Klementy"]
[Black "Matinian, Nikita"]
[WhiteFideId "4114060"]
[BlackFideId "24129100"]
[WhiteElo "2564"]
[BlackElo "2422"]
[Result "0-1"]
[Round "11"]
[TimeControl "180+1"]
[Date "2022.03.08"]
[WhiteClock "0:00:01"]
[BlackClock "0:00:14"]

1. c3 e5 2. Qa4 Nc6 3. d3 Nf6 4. Nd2 d5 5. h3 Bd7 6. g4 h5 7. g5 Ng8 8. h4 Bd6 9. Bg2 Nge7 10. Qc2 Be6 11. b4 a6 12. Bb2 Qd7 13. O-O-O d4 14. a3 dxc3 15. Qxc3 a5 16. Nc4 axb4 17. Nxd6+ cxd6 18. axb4 Nd4 19. Kd2 Rc8 20. Qa3 Rc2+ 21. Ke1 O-O 22. Bxd4 exd4 23. Qa7 Bd5 24. Bxd5 Nxd5 25. Qxd4 Qc6 26. Rh3 Nc3 27. Ra1 Re8 28. Re3 Rxe3 29. Qxe3 Qg2 30. Qg3 Qh1 31. g6 Rxe2+ 32. Kf1 Re8 33. gxf7+ Kxf7 34. Qf3+ Qxf3 35. Nxf3 Nd5 36. Ng5+ Kf6 37. Ne4+ Ke5 38. Re1 Kf4 39. Nxd6 Rxe1+ 40. Kxe1 Nxb4 41. Ke2 b6 42. d4 Kg4 43. Nc4 Nd5 44. Kd3 Kxh4 45. Ke4 Nc3+ 46. Kd3 Nd5 47. Ke4 Nf6+ 48. Kd3 b5 49. Nd6 Kg4 50. Nxb5 Kf3 51. d5 h4 52. Nd4+ Kxf2 0-1


[Site "https://www.chess.com"]

[Event "Titled Tuesday Blitz March 08 Early 2022"]
[White "Tarini, Goyal"]
[Black "Demin, Vladimir"]
[WhiteFideId "5082749"]
[BlackFideId "4167457"]
[WhiteElo "1772"]
[BlackElo "2496"]
[Result "0-1"]
[Round "11"]
[TimeControl "180+1"]
[Date "2022.03.09"]
[WhiteClock "0:00:02"]
[BlackClock "0:00:06"]

1. d4 Nf6 2. c4 e5 3. dxe5 Ng4 4. Nf3 Bc5 5. e3 Nc6 6. Be2 O-O 7. O-O Re8 8. a3 a5 9. Nc3 Ncxe5 10. Nxe5 Nxe5 11. Rb1 Ra6 12. b4 Ba7 13. c5 Rh6 14. f4 Qh4 15. h3 d6 16. fxe5 Bxh3 17. Bf3 Bf5 18. e4 dxc5 19. Nb5 Bxe4 20. Bxh6 Bxb1 21. Nxa7 Qxh6 22. Qxb1 Qe3+ 23. Rf2 cxb4 24. Qf1 Qxa7 25. Bd5 Rxe5 26. Bxf7+ Kh8 27. Bb3 bxa3 28. Qd1 Re8 29. Qf3 Qc5 30. Kh2 Qd6+ 31. Kg1 Re1+ 32. Rf1 Qc5+ 33. Kh2 Qd6+ 34. Kg1 Rxf1+ 35. Qxf1 h6 36. Kh1 Qc5 37. Ba2 Qh5+ 38. Kg1 Qe8 39. Qc4 c6 40. Qb3 b5 41. Qxa3 Qe1+ 42. Kh2 Qh4+ 43. Kg1 Qe1+ 44. Kh2 Qe5+ 45. Kg1 b4 46. Qb3 Qe8 47. Kh2 c5 48. Qc4 Qf8 49. Qb3 Qd6+ 50. Kh1 Qf8 0-1


[Site "https://www.chess.com"]

[Event "Titled Tuesday Blitz March 08 Early 2022"]
[White "Tasev, Dejan"]
[Black "Bures, Vit"]
[WhiteFideId "936618"]
[BlackFideId "309052"]
[WhiteElo "2253"]
[BlackElo "2118"]
[Result "1/2-1/2"]
[Round "11"]
[TimeControl "180+1"]
[Date "2022.03.09"]
[WhiteClock "0:00:26"]
[BlackClock "0:00:06"]

1. e4 e5 2. Nf3 Nc6 3. Bc4 Bc5 4. d3 Nf6 5. Nc3 h6 6. h3 d6 7. Be3 Bxe3 8. fxe3 Na5 9. Bb3 Nxb3 10. axb3 O-O 11. O-O Bd7 12. Qe1 a5 13. Nh4 c6 14. Nf5 Bxf5 15. Rxf5 g6 16. Rf3 Kg7 17. Qf2 Nh7 18. Rf1 Ng5 19. Rg3 h5 20. Nb1 a4 21. b4 d5 22. exd5 cxd5 23. Nc3 d4 24. exd4 exd4 25. Ne2 Ne6 26. Nf4 Nxf4 27. Qxf4 Rc8 28. Rf2 Qc7 29. Qxd4+ Kg8 30. Rgf3 Qe7 31. Re3 Qg5 32. Qf4 Qxf4 33. Rxf4 Rxc2 34. b5 Rxb2 35. Rxa4 Rxb5 36. Re7 Kg7 37. Rd4 Rb8 38. Rdd7 Rf5 39. Rxb7 Rxb7 40. Rxb7 Rd5 41. Rb3 Kf6 42. Kf2 Ke5 43. Ke3 h4 44. Rb4 g5 45. Rb6 f6 46. Rb8 Ra5 47. Re8+ Kf5 48. Kf3 Ra3 49. Rd8 Rb3 50. Rd5+ Ke6 51. Rd4 Ke5 52. Rd8 Ke6 53. Ke4 Rb2 54. Kf3 Rb3 55. g4 hxg3 56. Kxg3 Kf5 57. Kf3 Rb1 58. Rd5+ Ke6 59. Rd4 Rf1+ 60. Kg2 Re1 61. h4 gxh4 62. Rxh4 f5 63. Kf2 Rd1 64. Ke3 Ke5 65. Rh8 Re1+ 66. Kf2 Ra1 67. Ke3 Re1+ 68. Kd2 Ra1 69. Re8+ Kf4 70. d4 Kf3 71. Kd3 f4 72. d5 Rd1+ 73. Kc4 Kf2 74. Kc5 f3 75. d6 Kf1 76. Re4 Rc1+ 77. Kd5 Rc8 78. d7 Rd8 79. Kd6 f2 80. Re7 Rxd7+ 81. Kxd7 Kg1 82. Rg7+ Kh2 83. Rh7+ Kg2 84. Rg7+ Kh2 85. Rh7+ Kg2 86. Rg7+ Kh2 1/2-1/2


[Site "https://www.chess.com"]

[Event "Titled Tuesday Blitz March 08 Early 2022"]
[White "Thomas, Anysia"]
[Black "Tsatsalashvili, Keti"]
[WhiteFideId "670472"]
[BlackFideId "13603434"]
[WhiteElo "2002"]
[BlackElo "2246"]
[Result "0-1"]
[Round "11"]
[TimeControl "180+1"]
[Date "2022.03.09"]
[WhiteClock "0:00:05"]
[BlackClock "0:00:14"]

1. d4 Nf6 2. c4 e6 3. Nf3 d5 4. g3 Bb4+ 5. Bd2 Be7 6. Bg2 O-O 7. O-O c6 8. Qc2 b6 9. Rd1 Ba6 10. b3 Nbd7 11. a4 Ne4 12. Be1 f5 13. a5 Bd6 14. Nc3 Bc7 15. axb6 axb6 16. Nxe4 fxe4 17. Nd2 Bd6 18. Nxe4 dxe4 19. Bxe4 Bb7 20. Bxh7+ Kh8 21. Be4 Nf6 22. Bg2 Qe7 23. Bc3 e5 24. dxe5 Bxe5 25. Bxe5 Qxe5 26. Rxa8 Rxa8 27. Bf3 Ra1 28. Kg2 Rxd1 29. Qxd1 Qe7 30. Qd4 c5 31. Qh4+ Kg8 32. Bxb7 Qxb7+ 33. f3 Qd7 34. Qf4 Qd1 35. Qb8+ Kh7 36. Kf2 Qxb3 37. h4 Qxc4 38. Qxb6 Qd4+ 39. Kg2 Qe3 40. Qb2 c4 41. Qc2+ Kh8 42. g4 c3 43. g5 Nd5 44. Qg6 Nf4+ 45. Kg3 Nxg6 0-1


[Site "https://www.chess.com"]

[Event "Titled Tuesday Blitz March 08 Early 2022"]
[White "Tymrakiewicz, Rafal"]
[Black "Artemenko, Oleg"]
[WhiteFideId "1108832"]
[BlackFideId "14201798"]
[WhiteElo "2205"]
[BlackElo "2287"]
[Result "0-1"]
[Round "11"]
[TimeControl "180+1"]
[Date "2022.03.09"]
[WhiteClock "0:00:12"]
[BlackClock "0:01:41"]

1. e4 e6 2. d4 d5 3. e5 c5 4. c3 Nc6 5. Nf3 Qb6 6. Bd3 cxd4 7. O-O Bd7 8. Re1 Nge7 9. a3 Ng6 10. cxd4 Nxd4 11. Ng5 Nc6 12. b4 Ngxe5 13. Bb2 Bd6 14. b5 Nd4 15. a4 h6 16. a5 Qc7 17. b6 Qc5 18. Bxd4 Qxd4 19. Nxe6 Qxa1 20. Nxg7+ Kf8 21. Nh5 Qd4 22. Rxe5 Qxe5 23. Ng3 axb6 24. Nd2 Rxa5 25. Nf3 Ra1 0-1


[Site "https://www.chess.com"]

[Event "Titled Tuesday Blitz March 08 Early 2022"]
[White "Urbina Quiroz, Edwin"]
[Black "Flis, Pawel"]
[WhiteFideId "6500650"]
[BlackFideId "1112864"]
[WhiteElo "2152"]
[BlackElo "1735"]
[Result "0-1"]
[Round "11"]
[TimeControl "180+1"]
[Date "2022.03.09"]
[WhiteClock "0:01:38"]
[BlackClock "0:01:17"]

1. g3 Nf6 2. d3 g6 3. Bg2 Bg7 4. Nf3 O-O 5. O-O d6 6. c4 e5 7. Nc3 Nc6 8. Bd2 h6 9. Ne1 Be6 10. Nc2 Qd7 11. Ne3 Bh3 12. Ncd5 Bxg2 13. Kxg2 Nd4 14. Nxf6+ Bxf6 15. Nd5 Bg7 16. e3 Ne6 17. Rb1 c6 18. Nc3 Ng5 19. f4 Qh3+ 20. Kh1 exf4 21. gxf4 Ne6 22. Rf3 Qh5 23. Qe2 Nc5 24. Rg1 Nxd3 25. f5 Ne5 26. fxg6 Qxf3+ 27. Qxf3 Nxf3 28. gxf7+ Rxf7 29. Rg2 Ne5 30. Ne4 0-1


[Site "https://www.chess.com"]

[Event "Titled Tuesday Blitz March 08 Early 2022"]
[White "Vasquez Schroeder, Rodrigo"]
[Black "Oganian, Miran"]
[WhiteFideId "3400042"]
[BlackFideId "4122488"]
[WhiteElo "2561"]
[BlackElo "2357"]
[Result "0-1"]
[Round "11"]
[TimeControl "180+1"]
[Date "2022.03.08"]
[WhiteClock "0:00:57"]
[BlackClock "0:00:10"]

1. e4 e6 2. d4 d5 3. Nc3 Bb4 4. e5 c5 5. Bd2 Ne7 6. Nb5 Bxd2+ 7. Qxd2 O-O 8. c3 Nbc6 9. f4 f6 10. Nf3 fxe5 11. fxe5 cxd4 12. cxd4 Bd7 13. O-O-O Qb6 14. Nc3 Rac8 15. Kb1 Be8 16. Na4 Bg6+ 17. Ka1 Qb4 18. Nc3 Na5 19. Bd3 Nc4 20. Bxc4 Rxc4 21. Rc1 Rfc8 22. Rhd1 a5 23. g4 a4 24. a3 Qb3 25. Qe2 b5 26. Nd2 b4 27. Nxb3 axb3 28. Qd2 bxc3 29. Rxc3 Rxc3 30. bxc3 Nc6 31. c4 dxc4 32. d5 Nxe5 33. dxe6 Nd3 34. Qc3 Ra8 35. Rxd3 Rxa3+ 36. Kb2 Ra2+ 37. Kc1 Bxd3 38. e7 Kf7 39. e8=Q+ Kxe8 40. Qe5+ Kd7 41. Qd5+ Kc7 42. Qc5+ Kb7 43. Qb5+ Ka7 44. Qc5+ Ka6 45. Qc6+ Ka5 46. Qc5+ Ka4 47. Qa7+ Kb4 48. Qb7+ Kc5 49. Qc7+ Kd4 50. Qxg7+ Ke3 51. Qe5+ Be4 52. Qc5+ Kf4 53. Qd6+ Ke3 54. Qg3+ Kd4 55. Qd6+ Kc3 56. Qe5+ Kd3 57. Qd6+ Ke2 58. Qd1+ Ke3 59. Qe1+ Re2 60. Qc3+ Kf2 61. Qg3+ Kf1 62. Kd1 Bc2+ 63. Kc1 Bd3 64. Qf4+ Rf2 65. Qe5 b2+ 66. Qxb2 Rxb2 67. Kxb2 Kg2 68. h4 Kg3 0-1


[Site "https://www.chess.com"]

[Event "Titled Tuesday Blitz March 08 Early 2022"]
[White "Vifleemskaia, Svetlana"]
[Black "Van den Dikkenberg, Erik"]
[WhiteFideId "4129490"]
[BlackFideId "1005880"]
[WhiteElo "1901"]
[BlackElo "2118"]
[Result "0-1"]
[Round "11"]
[TimeControl "180+1"]
[Date "2022.03.09"]
[WhiteClock "0:00:03"]
[BlackClock "0:00:05"]

1. d4 Nf6 2. c4 g6 3. Nc3 Bg7 4. e4 d6 5. Nge2 O-O 6. Ng3 a6 7. a4 c5 8. d5 Qa5 9. Be2 Nbd7 10. Bf4 Re8 11. O-O Ne5 12. Bd2 h5 13. f4 Neg4 14. h3 Nh6 15. f5 h4 16. Nh1 gxf5 17. Rf4 Kf8 18. Rxh4 Nhg8 19. Ng3 fxe4 20. Ngxe4 Bf5 21. Rf4 Bxe4 22. Nxe4 Qb6 23. Ng5 Bh6 24. Rh4 Bxg5 25. Bxg5 Qxb2 26. Rb1 Qe5 27. Bf4 Qd4+ 28. Qxd4 cxd4 29. Rxb7 Rab8 30. Ra7 Rb2 31. Bd3 Reb8 32. Rxa6 R8b3 33. Bf5 Kg7 34. Rc6 Ra3 35. Rc7 Raa2 0-1


[Site "https://www.chess.com"]

[Event "Titled Tuesday Blitz March 08 Early 2022"]
[White "Vogel, Roven"]
[Black "Orlov, Georgi"]
[WhiteFideId "12908088"]
[BlackFideId "2011271"]
[WhiteElo "2516"]
[BlackElo "2548"]
[Result "1-0"]
[Round "11"]
[TimeControl "180+1"]
[Date "2022.03.09"]
[WhiteClock "0:01:20"]
[BlackClock "0:01:22"]

1. e4 d6 2. d4 Nf6 3. Nc3 c6 4. Nf3 Bg4 5. h3 Bh5 6. g4 Bg6 7. Bd3 e6 8. Qe2 d5 9. e5 Nfd7 10. Bf4 c5 11. Nxd5 Bxd3 12. cxd3 exd5 13. Ng5 Be7 14. e6 fxe6 15. Nxe6 Qa5+ 16. Bd2 Qb6 17. Nxg7+ Kf7 18. Nf5 Re8 19. Qf3 Bf6+ 20. Kf1 Kg8 21. g5 Rf8 22. gxf6 Qxf6 23. Bh6 Qxf5 24. Rg1+ Qg6 25. Rxg6+ hxg6 26. Bxf8 1-0


[Site "https://www.chess.com"]

[Event "Titled Tuesday Blitz March 08 Early 2022"]
[White "Vokhidov, Shamsiddin"]
[Black "Bluebaum, Matthias"]
[WhiteFideId "14204223"]
[BlackFideId "24651516"]
[WhiteElo "2611"]
[BlackElo "2550"]
[Result "1-0"]
[Round "11"]
[TimeControl "180+1"]
[Date "2022.03.08"]
[WhiteClock "0:00:19"]
[BlackClock "0:00:03"]

1. e4 c6 2. d4 d5 3. e5 Bf5 4. h4 h5 5. Bd3 Bxd3 6. Qxd3 Qa5+ 7. Nd2 e6 8. Nf3 Nh6 9. O-O Nf5 10. Nb3 Qb5 11. Qd1 c5 12. c3 Nc6 13. Bg5 cxd4 14. cxd4 a5 15. a4 Qb6 16. Rc1 Bb4 17. Nc5 Nfxd4 18. Nxd4 Bxc5 19. Nb5 O-O 20. Qxh5 Nxe5 21. Rxc5 Qxc5 22. Be3 Qc4 23. Qxe5 Qxh4 24. Bd4 Qg4 25. Re1 Rac8 26. Bc3 Rc6 27. Nd4 Ra6 28. Qc7 e5 29. Qxe5 Rg6 30. Qxd5 Rg5 31. Qxb7 Rh5 32. Qe4 Qg5 33. Ne2 Qh6 34. Ng3 Rh4 35. Qe3 Qh7 36. Qg5 f6 37. Qxa5 f5 38. Re7 Rg4 39. Qd5+ Kh8 40. Rf7 Re8 41. Nxf5 Rge4 42. Bxg7+ Qxg7 43. Nxg7 Re1+ 1-0


[Site "https://www.chess.com"]

[Event "Titled Tuesday Blitz March 08 Early 2022"]
[White "Volkov, Maksim"]
[Black "Alonso Rosell, Alvar"]
[WhiteFideId "54123070"]
[BlackFideId "2270544"]
[WhiteElo "2081"]
[BlackElo "2474"]
[Result "1-0"]
[Round "11"]
[TimeControl "180+1"]
[Date "2022.03.08"]
[WhiteClock "0:00:25"]
[BlackClock "0:00:20"]

1. d4 Nf6 2. c4 e6 3. g3 d5 4. Nf3 dxc4 5. Bg2 c6 6. O-O b5 7. Ne5 Bb7 8. a4 a6 9. Nc3 Be7 10. axb5 axb5 11. Rxa8 Bxa8 12. Nxb5 cxb5 13. Bxa8 O-O 14. Bg2 Nfd7 15. Nxd7 Qxd7 16. Be3 Nc6 17. Qd2 Rd8 18. Rd1 Bf6 19. d5 exd5 20. Bxd5 Nd4 21. Bxd4 Qxd5 22. e3 Qf3 23. Qc2 h5 24. h4 Bxh4 25. gxh4 Qh3 26. f4 Qg4+ 27. Kf1 b4 28. Qe2 Qh3+ 29. Qg2 Qxh4 30. Qxg7# 1-0


[Site "https://www.chess.com"]

[Event "Titled Tuesday Blitz March 08 Early 2022"]
[White "Wagner, Dennis"]
[Black "Kamsky, Gata"]
[WhiteFideId "24650684"]
[BlackFideId "2000024"]
[WhiteElo "2355"]
[BlackElo "2645"]
[Result "1/2-1/2"]
[Round "11"]
[TimeControl "180+1"]
[Date "2022.03.08"]
[WhiteClock "0:00:09"]
[BlackClock "0:00:10"]

1. d4 Nf6 2. c4 g6 3. h4 c6 4. h5 Nxh5 5. e4 d5 6. e5 Ng7 7. Nc3 h5 8. Nh3 Bxh3 9. Rxh3 e6 10. g4 Nd7 11. Be3 Be7 12. Qf3 Qa5 13. O-O-O Rg8 14. Kb1 hxg4 15. Qxg4 Nf5 16. Rh7 Nf8 17. Rh3 O-O-O 18. cxd5 cxd5 19. Nb5 Nxe3 20. Rxe3 a6 21. Rc3+ Kb8 22. Qf3 axb5 23. Qxf7 Bb4 24. Rb3 Rh8 25. a3 Rh7 26. axb4 Rxf7 27. bxa5 Rxf2 28. Bxb5 Ka7 29. Rc1 Rf7 30. Bd3 Rf4 31. Rc6 Rxd4 32. Rc7 Rb8 33. Bb5 g5 34. Rg7 g4 35. Ka2 Re4 36. Bd3 Rxe5 37. Rxg4 d4 38. Rxd4 Rxa5+ 39. Kb1 e5 40. Rdb4 Nd7 41. Rb5 Rxb5 42. Rxb5 b6 43. Bf5 Nc5 44. b4 Rf8 45. bxc5 Rxf5 46. cxb6+ Kb7 47. Kc2 Rf6 48. Rxe5 Rxb6 49. Re3 Rc6+ 50. Rc3 Rxc3+ 51. Kxc3 1/2-1/2


[Site "https://www.chess.com"]

[Event "Titled Tuesday Blitz March 08 Early 2022"]
[White "Winkels, Marcel"]
[Black "Spitzl, Vinzent"]
[WhiteFideId "1003887"]
[BlackFideId "12901253"]
[WhiteElo "1900"]
[BlackElo "2160"]
[Result "0-1"]
[Round "11"]
[TimeControl "180+1"]
[Date "2022.03.09"]
[WhiteClock "0:00:01"]
[BlackClock "0:00:04"]

1. e4 d5 2. exd5 Qxd5 3. Nc3 Qd8 4. d4 Nf6 5. Nf3 g6 6. Bc4 Bg7 7. O-O O-O 8. h3 a6 9. Ne5 Nc6 10. Be3 Qd6 11. f4 b5 12. Bb3 Bb7 13. Qd2 Na5 14. Rad1 Nxb3 15. axb3 Rad8 16. Nf3 Ne4 17. Nxe4 Bxe4 18. c3 Qd5 19. b4 Bxf3 20. Rxf3 f5 21. Bf2 Rd6 22. Re3 Bf6 23. Rde1 Kf7 24. Qe2 Re8 25. g4 e6 26. g5 Bg7 27. h4 Qc4 28. Qf3 Qc6 29. Qe2 Ra8 30. Rh3 Qc4 31. Qe3 a5 32. bxa5 Rxa5 33. h5 Ra2 34. Re2 Ra1+ 35. Kg2 Qd5+ 36. Qf3 Qxf3+ 37. Kxf3 b4 38. hxg6+ hxg6 39. cxb4 Ra4 40. Be1 Kg8 41. Bc3 Ra1 42. Reh2 Rf1+ 43. Ke2 Rxf4 44. Re3 Rg4 45. Rf3 Rxg5 46. d5 Rxd5 47. Bxg7 Kxg7 48. Rc3 Kf6 49. Rxc7 Rg4 50. Rhh7 Rxb4 51. Rhf7+ Ke5 52. Rc2 Rdb5 0-1


[Site "https://www.chess.com"]

[Event "Titled Tuesday Blitz March 08 Early 2022"]
[White "Yandarbiev, Ruslan"]
[Black "Aldokhin, Ivan"]
[WhiteFideId "4115023"]
[BlackFideId "24115720"]
[WhiteElo "2102"]
[BlackElo "2231"]
[Result "1-0"]
[Round "11"]
[TimeControl "180+1"]
[Date "2022.03.09"]
[WhiteClock "0:00:09"]
[BlackClock "0:00:02"]

1. e4 c6 2. d4 d5 3. e5 c5 4. dxc5 a6 5. a3 Nc6 6. Nf3 Bg4 7. Bf4 e6 8. b4 Nge7 9. Nbd2 Ng6 10. Bg3 Ncxe5 11. Be2 Nc6 12. O-O Be7 13. c4 O-O 14. h3 Bf5 15. cxd5 exd5 16. Nb3 Bf6 17. Nfd4 Be6 18. Ra2 Nge5 19. Rc2 Qc8 20. f4 Nc4 21. Rf3 Nxa3 22. Nxc6 bxc6 23. Ra2 Nb5 24. f5 Bxf5 25. Na5 Be4 26. Rxf6 gxf6 27. Bxb5 axb5 28. Rf2 Qe6 29. Qh5 Bg6 30. Qh4 Kg7 31. Bf4 h5 32. Bd6 Rfe8 33. Nxc6 Ra1+ 34. Kh2 Qe1 35. Qxf6+ Kh7 36. Be5 Qg1+ 37. Kg3 Ra3+ 38. Kh4 Rxe5 39. Nxe5 Qa1 40. Qf4 Rb3 41. Nxf7 Qb2 42. Ng5+ Kg7 43. Rxb2 1-0


[Site "https://www.chess.com"]

[Event "Titled Tuesday Blitz March 08 Early 2022"]
[White "Zemerov, Vladimir"]
[Black "Decuigniere, Tom"]
[WhiteFideId "4111583"]
[BlackFideId "26093820"]
[WhiteElo "2277"]
[BlackElo "1997"]
[Result "0-1"]
[Round "11"]
[TimeControl "180+1"]
[Date "2022.03.09"]
[WhiteClock "0:00:01"]
[BlackClock "0:00:04"]

1. e4 c5 2. Nf3 g6 3. c3 Nf6 4. Bd3 Bg7 5. Bc2 O-O 6. O-O Nc6 7. h3 d6 8. Re1 a6 9. a3 b5 10. d4 cxd4 11. cxd4 Bb7 12. d5 Na5 13. Nc3 Rc8 14. Bf4 Nd7 15. e5 dxe5 16. Nxe5 Nxe5 17. Bxe5 Bxe5 18. Rxe5 Nc4 19. Qd4 Nxe5 20. Qxe5 Qd6 21. Qe3 b4 22. axb4 Qxb4 23. Rb1 Rfd8 24. Be4 Qc5 25. Qh6 Qd4 26. Bf3 Rc5 27. Re1 Rc7 28. h4 Qb4 29. Re2 Bc8 30. h5 Bf5 31. hxg6 Bxg6 32. Qg5 Qd6 33. Be4 Rb8 34. Bxg6 hxg6 35. Qh6 Qf6 36. g3 Rcb7 37. Ne4 Qg7 38. Qg5 Rxb2 39. Rxb2 Qxb2 40. Qxe7 Kg7 41. d6 Rb7 42. d7 Rxd7 43. Qxd7 Qb1+ 44. Kh2 Qxe4 45. Qd2 Qc4 46. Qb2+ Kh7 47. Qf6 Qe6 48. Qb2 Kh6 49. Kg1 Kh7 50. Qd2 Kg8 51. Qa5 Qc6 52. Qd8+ Kg7 53. Qd4+ Qf6 54. Qa4 g5 55. Qg4 Kg6 56. Qe4+ Qf5 57. Qb7 a5 58. Qc6+ Qf6 59. Qc2+ Kg7 60. Qa4 Qa6 0-1


[Site "https://www.chess.com"]

[Event "Titled Tuesday Blitz March 08 Early 2022"]
[White "Zhigalko, Sergei"]
[Black "Vakhlamov, Igor L."]
[WhiteFideId "13502956"]
[BlackFideId "24126748"]
[WhiteElo "2662"]
[BlackElo "2401"]
[Result "1-0"]
[Round "11"]
[TimeControl "180+1"]
[Date "2022.03.08"]
[WhiteClock "0:00:02"]
[BlackClock "0:00:06"]

1. e4 e5 2. Nf3 Nc6 3. Bc4 d6 4. d4 Nf6 5. Nc3 Bg4 6. d5 Nd4 7. Be3 Nxf3+ 8. gxf3 Bd7 9. Qd2 g6 10. O-O-O a6 11. Ne2 Bg7 12. Bd3 Nh5 13. Ng3 Nf4 14. Bxf4 exf4 15. Qxf4 O-O 16. Kb1 b5 17. h4 a5 18. h5 b4 19. h6 Be5 20. Qc1 Qf6 21. Ne2 Qxf3 22. Rhg1 a4 23. Rdf1 Rfb8 24. Qe3 Qxe3 25. fxe3 b3 26. cxb3 axb3 27. a3 c5 28. dxc6 Bxc6 29. Nd4 Bb7 30. Rc1 Rc8 31. Rxc8+ Rxc8 32. Nxb3 d5 33. exd5 Bxd5 34. Nd4 Kf8 35. Rf1 Ke7 36. a4 Ra8 37. Bb5 Kd6 38. Kc2 f5 39. Kd3 Be4+ 40. Kd2 f4 41. Nf3 Bxb2 42. exf4 Ke6 43. Ng5+ Kf5 44. Nxh7 Rd8+ 45. Ke2 Rc8 46. Bd7# 1-0


[Site "https://www.chess.com"]

[Event "Titled Tuesday Blitz March 08 Early 2022"]
[White "Zierk, Steven"]
[Black "Kozak, Antoni"]
[WhiteFideId "2034255"]
[BlackFideId "21832030"]
[WhiteElo "2494"]
[BlackElo "2236"]
[Result "1-0"]
[Round "11"]
[TimeControl "180+1"]
[Date "2022.03.08"]
[WhiteClock "0:02:02"]
[BlackClock "0:01:41"]

1. e4 c5 2. Nf3 d6 3. d4 Nf6 4. dxc5 Nxe4 5. cxd6 Nc6 6. dxe7 Qxd1+ 7. Kxd1 Bxe7 8. Be3 Be6 9. Nbd2 Nxd2 10. Nxd2 O-O 11. Bc4 Bxc4 12. Nxc4 Rac8 13. c3 b5 14. Nd2 b4 15. c4 Ne5 16. Ke2 Nxc4 17. Nxc4 Rxc4 18. Rac1 Rfc8 19. Rxc4 Rxc4 20. Rc1 Rxc1 21. Bxc1 f5 22. Kd3 Kf7 23. Kc4 Ke6 24. Be3 a5 25. b3 Bd8 26. Kb5 Bc7 27. h3 Kd5 28. Bb6 1-0